 Dungeon Crawl Stone Soup version 0.22-a0-553-g9358b0b (webtiles) character file.

35882 torrenera the Severer (level 13, -3/114 HPs)
             Began as a Hill Orc Abyssal Knight on June 25, 2018.
             Was an Elder of Lugonu.
             Slain by an orc warrior
             ... wielding a +0 battleaxe
             ... led by an orc high priest
              (20 damage)
             ... on level 11 of the Dungeon.
             The game lasted 00:54:12 (22321 turns).

torrenera the Severer (Hill Orc Abyssal Knight)    Turns: 22321, Time: 00:54:13

Health: -3/114     AC: 24    Str: 20    XL:     13   Next: 86%
Magic:  20/20      EV:  6    Int: 12    God:    Lugonu [****..]
Gold:   538        SH:  0    Dex: 10    Spells: 12/12 levels left

rFire    . . .     SeeInvis +   a - +0 war axe
rCold    . . .     Gourm    .   (no shield)
rNeg     . . .     Faith    .   T - +0 crystal plate armour (curse)
rPois    +         Spirit   .   e - +2 hat
rElec    .         Reflect  .   (no cloak)
rCorr    .         Harm     .   H - +0 pair of gloves
MR       .....                  (no boots)
Stlth    ..........             j - amulet of the acrobat
HPRegen  0.29/turn              X - ring of see invisible
MPRegen  0.17/turn              G - ring of poison resistance

@: hasted, studying Long Blades, very quick
A: no striking features
a: Depart the Abyss, Bend Space, Banish, Corrupt, Renounce Religion


You were on level 11 of the Dungeon.
You worshipped Lugonu.
Lugonu was greatly pleased with you.
You were not hungry.

You visited 3 branches of the dungeon, and saw 17 of its levels.
You visited the Abyss 1 time.
You visited 1 bazaar.
You also visited: Sewer.

You collected 798 gold pieces.
You spent 260 gold pieces at shops.

Inventory:

Hand Weapons
 a - a +0 war axe (weapon)
 m - a +3 shortbow
 u - a +0 blowgun
Missiles
 p - 82 bolts
 s - 348 arrows
 t - 67 poisoned needles
 O - 2 tomahawks (quivered)
Armour
 e - a +2 hat (worn)
 H - a +0 pair of gloves (worn)
 T - a cursed +0 crystal plate armour (worn)
Jewellery
 h - an uncursed amulet of rage
 j - an amulet of the acrobat (around neck)
 E - an uncursed ring of ice
 G - a ring of poison resistance (right hand)
 W - the amulet of the Air {Inacc +Fly rElec EV+5 RMsl}
   (You found it on level 11 of the Dungeon)

   [amulet of inaccuracy]

   It reduces the accuracy of all your attacks.
   It affects your evasion (+5).
   It insulates you from electricity.
   It lets you fly.
   It protects you from missiles.
 X - a ring of see invisible (left hand)
Wands
 f - a wand of flame (33)
 y - a wand of digging (15)
 D - a wand of clouds (2)
Scrolls
 b - 3 scrolls of enchant weapon {unknown}
 d - 2 scrolls of random uselessness {unknown}
 g - 2 scrolls of torment {unknown}
 l - 2 scrolls of enchant armour
 v - 4 scrolls of immolation
 z - a scroll of noise {unknown}
 A - a scroll of teleportation
 C - 2 scrolls of blinking {unknown}
 F - 3 scrolls of fear {unknown}
 K - 2 scrolls of magic mapping
 L - 3 scrolls of amnesia
 P - 5 scrolls of identify
 R - a scroll of acquirement {unknown}
 U - 4 scrolls of remove curse
 V - 2 scrolls of fog {unknown}
 Y - 2 scrolls of brand weapon
Potions
 i - 3 potions of might
 k - 5 potions of flight
 n - 3 potions of magic
 q - 2 potions of agility
 r - 10 potions of curing
 w - 3 potions of lignification
 x - 4 potions of brilliance
 B - 4 potions of resistance
 I - 2 potions of invisibility {unknown}
 J - a potion of ambrosia {unknown}
 Z - a potion of berserk rage {unknown}
Books
 N - a manual of Long Blades
Miscellaneous
 Q - a lightning rod (inert)
Comestibles
 c - 35 rations


   Skills:
 - Level 10.6 Fighting
 - Level 17.5 Axes
 - Level 11.0 Armour
 + Level 9.6 Dodging
 - Level 10.0 Invocations


You had 12 spell levels left.
You didn't know any spells.
Your spell library contained the following spells:

 Spells                   Type           Power        Failure   Level  Hunger
 Magic Dart               Conj           #...         100%        1    ##.....
 Fireball                 Conj/Fire      #.........   100%        5    ######.
 Conjure Flame            Conj/Fire      #.......     100%        3    ####...
 Confuse                  Hex            #.......     100%        3    ####...
 Throw Flame              Conj/Fire      #.....       100%        2    ###....
 Summon Small Mammal      Summ           #...         100%        1    ##.....
 Iskenderun's Mystic Bla  Conj           #.......     100%        4    #####..
 Animate Dead             Necr           N/A          100%        4    #####..
 Pain                     Necr           #...         100%        1    ##.....
 Animate Skeleton         Necr           N/A          100%        1    ##.....
 Vampiric Draining        Necr           #.........   100%        3    ####...
 Sticky Flame             Conj/Fire      #.......     100%        4    #####..
 Summon Ice Beast         Ice/Summ       #.......     100%        4    #####..
 Call Imp                 Summ           #.......     100%        2    ###....
 Regeneration             Chrm/Necr      #.........   100%        3    ####...
 Spider Form              Tmut/Pois      #.........   100%        3    ####...
 Blade Hands              Tmut           #.........   100%        5    ######.
 Ice Form                 Ice/Tmut       #.......     100%        4    #####..
 Confusing Touch          Hex            #.....       100%        1    ##.....
 Flame Tongue             Conj/Fire      #....        100%        1    ##.....
 Sticks to Snakes         Tmut           #.......     100%        2    ###....
 Call Canine Familiar     Summ           #.......     100%        3    ####...
 Metabolic Englaciation   Hex/Ice        #.........   100%        5    ######.
 Petrify                  Tmut/Erth      #.......     100%        4    #####..
 Inner Flame              Hex/Fire       #.......     100%        3    ####...
 Beastly Appendage        Tmut           #.....       100%        1    ##.....
 Fulminant Prism          Conj/Hex       #.........   100%        4    #####..
 Dazzling Spray           Conj/Hex       #.....       100%        3    ####...
 Force Lance              Conj/Tloc      #.......     100%        4    #####..
 Searing Ray              Conj           #.....       100%        2    ###....
 Summon Lightning Spire   Summ/Air       #.......     100%        4    #####..
 Summon Guardian Golem    Hex/Summ       #.......     100%        3    ####...
 Gell's Gravitas          Tloc           #.........   100%        3    ####...
 Yara's Violent Unravell  Hex/Tmut       #.........   100%        5    ######.


Dungeon Overview and Level Annotations

Branches:
Dungeon (12/15)            Temple (0/1) D:7            Lair (4/6) D:11
  Swamp (0/4) Lair:3       Spider (0/4) Lair:2          Orc (1/2) D:11

Altars:
Dithmenos
Elyvilon
Fedhas
Kikubaaqudgha
Makhleb
Okawaru
Ru
Vehumet
Wu Jian
Yredelemnul
Beogh

Shops:
D:5 %

Annotations:
D:7 3 runed doors, Turgon's ghost, novice TrWz


Message History

The orc warrior is almost dead.
The orc warrior hits you with a battleaxe!
* * * LOW HITPOINT WARNING * * *
You completely miss the orc warrior.
The orc warrior is almost dead.
Evoke which item? (* to show all) (? for menu, Esc to quit)
Okay, then.
You feel better.
The orc warrior hits you with a battleaxe!
* * * LOW HITPOINT WARNING * * *
You feel much better.
The orc warrior hits you with a battleaxe!!
* * * LOW HITPOINT WARNING * * *
You feel much better.
The orc warrior hits you with a battleaxe.
* * * LOW HITPOINT WARNING * * *
You feel yourself speed up.
You feel better.
The orc warrior hits you with a battleaxe!!
You die...

........##.........#
........##.........#
..............###############
>.................#.........#
##...#............#.........#
##...#............#.........#
.....#............#.........#
.....#######....###.........#
...........#....@##..∩......#
...........#...o.......######
#(.........##..............#
#....########..............#
#....###### #..............#
#....##...# #..............#
..........# #..............#
..........# #########......#
..........# #......#


You could see an orc warrior.

Vanquished Creatures
  Josephine (D:10)
  Erica (Lair:1)
  An orc high priest (Orc:1)
  A wizard (D:12)
  Pikel (D:3)
  A deep elf mage (D:12)
  2 ugly things (D:11)
  2 manticores
  An ice statue (D:12)
  2 centaur zombies
  2 black mambas
  Joseph (D:7)
  9 spiny frogs
  2 gargoyles
  2 rime drakes (Lair:3)
  6 komodo dragons
  4 red devils (D:12)
  2 jumping spiders (Lair:2)
  4 polar bears (D:12)
  6 blink frogs
  8 hippogriffs
  3 dream sheep (D:12)
  A spriggan (D:10)
  Sigmund (D:6)
  3 wyverns
  2 redbacks (Lair:2)
  3 wraiths (D:11)
  3 basilisks
  A steam dragon (D:11)
  20 yaks
  2 hungry ghosts
  3 hogs (D:12)
  A soldier ant (D:10)
  7 water moccasins
  7 porcupines
  3 sky beasts
  An ice beast (D:6)
  8 orc warriors
  5 black bears (D:12)
  3 phantoms
  8 centaurs
  An eye of draining (D:11)
  34 wolves
  9 ogres
  12 crocodiles
  Blork the orc (D:5)
  4 big kobolds
  17 bullfrogs
  14 killer bees
  2 scorpions
  4 wights
  2 electric eels (D:11)
  4 howler monkeys
  5 crimson imps
  5 bullfrog zombies
  5 orc priests
  2 centaur skeletons
  7 orc wizards
  5 hounds
  3 jellies
  2 bullfrog skeletons
  3 iguanas
  2 worker ants (D:11)
  2 hound zombies
  A hound skeleton (D:4)
  A worker ant zombie (D:6)
  A howler monkey skeleton (D:6)
  10 adders
  12 gnolls
  An adder skeleton (D:4)
  2 worms (D:4)
  9 leopard geckos
  43 orcs
  12 giant cockroaches
  16 goblins
  8 hobgoblins
  2 jackals (D:1)
  28 kobolds
  5 quokkas
  5 ball pythons
  6 bats
  3 frilled lizards
  2 jackal skeletons
  A jackal zombie (D:6)
  9 rats
  A fungus (Lair:3)
467 creatures vanquished.

Vanquished Creatures (others)
  A spriggan rider (Lair:3)
  An unseen horror (D:12)
  A cyclops (D:11)
  A hornet (D:7)
  A yak (D:8)
  A steam dragon (D:9)
  8 fungi
  6 plants
  2 starspawn tentacles (Abyss:1)
22 creatures vanquished.

Grand Total: 489 creatures vanquished

Notes
Turn   | Place    | Note
-------+----------+-------------------------------------------
     0 | Abyss:1  | torrenera the Hill Orc Abyssal Knight began the quest for the Orb.
     0 | Abyss:1  | Reached XP level 1. HP: 19/19 MP: 2/2
   133 | Abyss:1  | Noticed a tentacled starspawn
   141 | Abyss:1  | Noticed a worldbinder
   144 | Abyss:1  | Noticed a ynoxinul
   145 | Abyss:1  | Noticed a dream sheep
   148 | D:1      | Escaped the Abyss
   159 | D:1      | Reached skill level 3 in Axes
   192 | D:1      | Reached XP level 2. HP: 24/26 MP: 3/3
   336 | D:1      | Reached skill level 4 in Axes
   389 | D:1      | Reached * piety under Lugonu
   744 | D:2      | Reached XP level 3. HP: 31/31 MP: 4/4
   974 | D:2      | Reached skill level 5 in Axes
  1317 | D:2      | Found a sacrificial altar of Ru.
  1334 | D:2      | Reached skill level 6 in Axes
  1334 | D:2      | Reached XP level 4. HP: 32/39 MP: 5/5
  2131 | D:2      | Reached XP level 5. HP: 30/45 MP: 6/6
  2314 | D:3      | Reached skill level 7 in Axes
  2496 | D:3      | Reached ** piety under Lugonu
  2496 | D:3      | Reached skill level 8 in Axes
  2496 | D:3      | Reached XP level 6. HP: 46/51 MP: 7/7
  2689 | D:3      | Found a shadowy altar of Dithmenos.
  2945 | D:4      | Found an iron altar of Okawaru.
  2961 | D:4      | Found a glowing drain.
  2961 | D:4      | Noticed Pikel
  2961 | D:4      | Noticed a slave
  2962 | D:4      | Noticed a slave
  2963 | D:4      | Noticed a slave
  2967 | D:4      | Noticed a slave
  2981 | D:3      | Killed Pikel
  2981 | D:3      | Reached skill level 10 in Axes
  2981 | D:3      | Reached XP level 7. HP: 37/57 MP: 8/8
  3144 | D:4      | Got a bloodstained ring mail
  3180 | D:4      | Identified the +4 ring mail of Oblivion {Int+3 Dex-3} (You found it on level 4 of the Dungeon)
  3207 | Sewer    | Entered a sewer
  3357 | Sewer    | Reached skill level 11 in Axes
  3390 | Sewer    | Reached XP level 8. HP: 45/64 MP: 9/9
  3739 | D:4      | Reached *** piety under Lugonu
  3835 | D:4      | Found a basalt altar of Yredelemnul.
  3835 | D:4      | Found an ancient bone altar of Kikubaaqudgha.
  3840 | D:4      | Found an ornate altar of the Wu Jian Council.
  3842 | D:4      | Found a faded altar of an unknown god.
  3843 | D:4      | Found a faded altar of an unknown god.
  3900 | D:5      | Entered Level 5 of the Dungeon
  3919 | D:5      | Reached skill level 12 in Axes
  4630 | D:5      | Found Piodgh's Food Shop.
  4738 | D:5      | Noticed Blork the orc
  4802 | D:5      | Reached skill level 5 in Fighting
  4814 | D:5      | Killed Blork the orc
  5148 | D:5      | Found a white marble altar of Elyvilon.
  5200 | D:6      | Noticed Sigmund
  5214 | D:6      | Killed Sigmund
  5214 | D:6      | Reached XP level 9. HP: 61/75 MP: 10/12
  5551 | D:6      | Reached skill level 5 in Invocations
  5579 | D:6      | Reached **** piety under Lugonu
  5948 | D:6      | Found a blossoming altar of Fedhas.
  6467 | D:7      | Noticed Joseph
  6488 | D:7      | Killed Joseph
  6827 | D:7      | Noticed a hornet
  6828 | D:7      | Banished a hornet
  6960 | D:7      | Reached XP level 10. HP: 88/93 MP: 15/15
  6978 | D:7      | Reached skill level 10 in Fighting
  7155 | D:7      | Found a staircase to the Ecumenical Temple.
  7539 | D:7      | Found a runed gate.
  7539 | D:7      | Found a runed gate.
  7539 | D:7      | Found a runed gate.
  8236 | D:7      | Found a roughly hewn altar of Beogh.
  8243 | D:7      | Noticed Turgon's ghost (novice TrWz)
  8488 | D:8      | Reached skill level 5 in Armour
  9466 | D:8      | Found a radiant altar of Vehumet.
 10225 | D:9      | Reached skill level 10 in Invocations
 10466 | D:9      | Found a burning altar of Makhleb.
 10466 | D:9      | Noticed an Executioner
 10480 | D:9      | Noticed a smoke demon
 10480 | D:9      | Noticed an orange demon
 10507 | D:9      | You fall through a shaft!
 10507 | D:10     | Entered Level 10 of the Dungeon
 10582 | D:10     | Reached XP level 11. HP: 101/101 MP: 18/18
 11282 | D:10     | HP: 5/101 [gargoyle/mace (11)]
 11968 | D:11     | Found the amulet of the Air {Inacc +Fly rElec EV+5 RMsl}
 11985 | D:11     | Reached skill level 13 in Axes
 12034 | D:11     | Noticed a cyclops
 12047 | D:11     | Noticed a manticore
 12048 | D:11     | Noticed Josephine
 12492 | D:11     | Killed a manticore
 12624 | D:10     | Killed Josephine
 12624 | D:10     | Reached skill level 14 in Axes
 13053 | D:11     | Reached ***** piety under Lugonu
 13143 | D:11     | Found a staircase to the Lair.
 13245 | D:11     | Banished a cyclops
 13478 | D:11     | Noticed a red ugly thing
 13494 | D:11     | Killed a red ugly thing
 13519 | D:11     | Reached skill level 15 in Axes
 13736 | D:11     | Found a staircase to the Orcish Mines.
 13924 | D:12     | Noticed a brown ugly thing
 13958 | D:11     | Killed a brown ugly thing
 14679 | D:12     | Reached XP level 12. HP: 94/108 MP: 19/19
 14811 | D:12     | Reached skill level 16 in Axes
 14811 | D:12     | Reached skill level 10 in Armour
 15038 | D:12     | Found a gateway to a bazaar.
 15371 | Bazaar   | Entered a bazaar
 15373 | Bazaar   | Found Adim's Book Boutique.
 15373 | Bazaar   | Found Xeytwim's Jewellery Boutique.
 15400 | Bazaar   | Found Qozuu's Magic Scroll Shop.
 15449 | Bazaar   | Found Kostrioma's Book Boutique.
 15510 | Bazaar   | Bought a scroll of brand weapon for 140 gold pieces
 15539 | Bazaar   | Bought an uncursed ring of see invisible for 120 gold pieces
 16140 | D:12     | Found a huge runed gate.
 16140 | D:12     | Found a huge runed gate.
 16140 | D:12     | Found a huge runed gate.
 16140 | D:12     | Found a huge runed gate.
 16241 | D:12     | Reached skill level 17 in Axes
 16641 | Lair:1   | Entered Level 1 of the Lair of Beasts
 16659 | Lair:1   | Noticed Erica
 16913 | Lair:1   | Reached skill level 1 in Dodging
 16939 | Lair:1   | Killed Erica
 17611 | Lair:1   | Reached XP level 13. HP: 104/114 MP: 20/20
 17770 | Lair:1   | Reached skill level 5 in Dodging
 18937 | Lair:2   | Found a hole to the Spider Nest.
 20003 | Lair:3   | Found a staircase to the Swamp.
 21753 | Lair:4   | HP: 2/114 [crocodile (9)]
 22220 | Orc:1    | Entered Level 1 of the Orcish Mines
 22318 | D:11     | HP: 3/114 [orc warrior/battleaxe[an orc high priest] (21)]
 22321 | D:11     | Slain by an orc warrior

Vault maps used:
D:1:      dpeg_arrival_tiny_i, minmay_tripent
D:2:      nicolae_ru_great_annihilating_truth
D:3:      grunt_dithmenos_smoke, first_ration, hangedman_decor_peaks_small
D:4:      lemuel_crystal_altar, chequers_temple_overflow_minitemple,
          gup_sewer_entry_glass, grunt_ministairs_14, uniq_pikel
D:5:      nicolae_overflow_hidden_temple, serial_shops, nicolae_shop_trees,
          uniq_blork_the_orc
D:6:      lemuel_doored_altar, minmay_checkerbox, uniq_sigmund
D:7:      temple_statues, biasface_ghost_orc_armoury, uniq_joseph
D:8:      overflow_temple_1_default
D:9:      makhleb_altar_promises_db
D:10:     enter_bailey_7, the_bakery
D:11:     lair_entry_dummy, orc_0_dummy, lab_entry_generic, uniq_josephine
D:12:     lemuel_bear_cage, serial_shops, statue_bzr,
          einodemon_armed_red_devil_minivault
Lair:1:   grunt_forest_small_clearings, grunt_megastairs_3, uniq_erica
Lair:2:   nicolae_spider_entry_tight_spaces
Lair:3:   swamp_mist, st_stairs_5, grunt_forest_large_clearings,
          grunt_megastairs_2
Lair:4:   st_stairs_11, minmay_lair_oklob_chamber
Orc:1:    basic_altar, lightli_church_of_beogh
Bazaar:   bazaar_jpeg_ribbon
Sewer:    kennysheep_pipe_town

Skill      XL: |  1  2  3  4  5  6  7  8  9 10 11 12 13 |
---------------+----------------------------------------+-----
Axes           | 3 4 6 8 10 11 12 15 17 | 17.5
Fighting       | 6 9 10 | 10.6
Invocations    | 4 7 10 | 10.0
Armour         | 7 9 11 | 11.0
Dodging        | 4 9 |  9.6

Action                   |  1- 3 |  4- 6 |  7- 9 | 10-12 | 13-15 || total
-------------------------+-------+-------+-------+-------+-------++-------
Melee: Hand axe          |   109 |   116 |       |       |       ||   225
       War axe           |       |    10 |   403 |   931 |   536 ||  1880
 Fire: Hunting sling     |       |     8 |    29 |    48 |       ||    85
Throw: Stone             |       |    29 |       |     2 |       ||    31
       Tomahawk          |       |       |       |     5 |    81 ||    86
Invok: Depart the Abyss  |     1 |       |       |       |       ||     1
       Banish            |       |       |     1 |     4 |    11 ||    16
Evoke: Wand              |       |       |       |     7 |     9 ||    16
       Lightning rod     |       |       |       |     4 |     5 ||     9
  Use: Scroll            |       |       |    13 |     7 |     2 ||    22
       Potion            |       |       |     1 |     1 |     8 ||    10
 Stab: Paralysed         |     2 |       |       |       |       ||     2
       Confused          |       |       |       |       |     8 ||     8
  Eat: Chunk             |     1 |     6 |    14 |    31 |    16 ||    68
       Ration            |       |       |       |     2 |     1 ||     3
Armor: Leather armour    |     7 |       |       |       |       ||     7
       Chain mail        |    75 |    76 |    10 |       |       ||   161
       Ring mail         |       |       |   144 |   103 |       ||   247
       Plate armour      |       |       |       |    69 |       ||    69
       Crystal plate arm |       |       |       |   620 |   379 ||   999
Dodge: Dodged            |    58 |    50 |   168 |   244 |   168 ||   688

Table legend:
 A = Spawn XP
 B = Non-spawn XP
 C = Spawn XP percentage of total XP
 D = Spawn monster count
 E = Non-spawn monster count
 F = Spawn count percentage of total count
 G = Total turns spent on level
                    A         B        C        D         E        F      G
               +---------+---------+-------+---------+---------+-------+---------
         Total |       0 |   51260 |   0.0 |       0 |     472 |   0.0 | 22321
               +---------+---------+-------+---------+---------+-------+---------
           D:1 |       0 |      33 |   0.0 |       0 |      20 |   0.0 |   871
           D:2 |       0 |     163 |   0.0 |       0 |      23 |   0.0 |  1268
           D:3 |       0 |     762 |   0.0 |       0 |      19 |   0.0 |   672
           D:4 |       0 |     175 |   0.0 |       0 |      18 |   0.0 |   600
           D:5 |       0 |     829 |   0.0 |       0 |      35 |   0.0 |  1419
           D:6 |       0 |    1588 |   0.0 |       0 |      27 |   0.0 |  1062
           D:7 |       0 |    2437 |   0.0 |       0 |      33 |   0.0 |  1942
           D:8 |       0 |    1811 |   0.0 |       0 |      20 |   0.0 |  1356
           D:9 |       0 |     812 |   0.0 |       0 |       8 |   0.0 |  1312
          D:10 |       0 |    2817 |   0.0 |       0 |      19 |   0.0 |  1585
          D:11 |       0 |    6438 |   0.0 |       0 |      47 |   0.0 |  2168
          D:12 |       0 |    9755 |   0.0 |       0 |      48 |   0.0 |  2015
        Lair:1 |       0 |    6721 |   0.0 |       0 |      29 |   0.0 |  1381
        Lair:2 |       0 |    3919 |   0.0 |       0 |      16 |   0.0 |  1391
        Lair:3 |       0 |    9496 |   0.0 |       0 |      58 |   0.0 |  1875
        Lair:4 |       0 |    1825 |   0.0 |       0 |      10 |   0.0 |   644
         Orc:1 |       0 |    1460 |   0.0 |       0 |      18 |   0.0 |    94
         Sewer |       0 |     219 |   0.0 |       0 |      24 |   0.0 |   341
               +---------+---------+-------+---------+---------+-------+---------
